 Dungeon Crawl Stone Soup version 0.16-b1 (webtiles) character file.

720 McCoppin the Covert (level 8, -4/56 HPs)
             Began as a Formicid Assassin on Mar 11, 2015.
             Slain by McCoppin's ghost (6 damage)
             ... on level 5 of the Dungeon.
             The game lasted 00:19:04 (2789 turns).

McCoppin the Covert (Formicid Assassin)             Turns: 2789, Time: 00:19:04

Health: -4/56      AC:  4    Str: 18    XL:     8   Next: 2%
Magic:  11/11      EV: 17    Int: 11    God:
Gold:   173        SH:  0    Dex: 20    Spells: 0 memorised, 7 levels left

rFire  + . .     SeeInvis +     a - +5 spear of the Shining Light {pierce, Dex+3}
rCold  + . .     Clarity  .     c - +0 robe
rNeg   . . .     SustAb   .     (no shield)
rPois  +         Gourm    .     (helmet unavailable)
rElec  +         Spirit   .     d - +1 cloak
rCorr  +         Warding  .     (no gloves)
rMut   .         Stasis   +     (no boots)
MR     .....                    (no amulet)
Stlth  ++++++....               (no ring)
                                (no ring)

@: agile, lethally poisoned (-4 -> -43), resistant, not resistant to hostile
enchantments, very stealthy
A: permanent stasis, dig shafts and tunnels, four strong arms, antennae 3
a: Dig, Shaft Self


You were on level 5 of the Dungeon.
You were hungry.

You visited 1 branch of the dungeon, and saw 5 of its levels.

You collected 173 gold pieces.

Inventory:

Hand weapons
 a - the +5 spear of the Shining Light (weapon) {pierce, Dex+3}
   (You found it on level 4 of the Dungeon)

   It inflicts extra damage upon your enemies.
   It affects your dexterity (+3).
 b - a +0 blowgun
 p - a +2 dagger
Missiles
 e - 4 poisoned needles
 o - 9 curare-tipped needles
Armour
 c - a +0 robe (worn)
 d - a +1 cloak (worn)
 s - a +0 plate armour
Scrolls
 h - a scroll of enchant armour
 m - a scroll of fog {unknown}
 q - 2 scrolls of teleportation {unknown}
Potions
 j - a potion of cancellation
 k - a potion of agility
Books
 i - a book of Battle

   Spells                             Type                      Level
   a - Infusion                       Charms                       1
   b - Shroud of Golubria             Charms/Translocation         2
   c - Song of Slaying                Charms                       2
   d - Spectral Weapon                Hexes/Charms                 3
   e - Regeneration                   Charms/Necromancy            3
Comestibles
 g - a beef jerky
 n - a meat ration
 r - a bread ration


   Skills:
 - Level 2.1 Fighting
 - Level 2.0 Short Blades
 - Level 1.5 Throwing
 + Level 0.2 Armour
 - Level 0.8 Dodging
 - Level 11.5 Stealth


You had 7 spell levels left.
You didn't know any spells.

Dungeon Overview and Level Annotations

Branches:
Dungeon (5/15)
 Temple: D:4-7

Altars:
Fedhas
Kikubaaqudgha
Zin

Annotations:
D:5 McCoppin's ghost, experienced FoAs


Innate Abilities, Weirdness & Mutations

You are under a permanent stasis effect.
You can dig through walls and to a lower floor.
Your four strong arms can wield two-handed weapons with a shield.
You have a pair of large antennae on your head (SInv).


Message History

McCoppin's ghost hits you but does no damage.
You are more poisoned.
Drink which item? (? for menu, Esc to quit)
It was a potion of resistance.
You feel protected.
* * * LOW HITPOINT WARNING * * *
You feel very sick. McCoppin's ghost closely misses you.
Drink which item? (? for menu, Esc to quit)
It was a potion of restore abilities.
You feel refreshed.
* * * LOW HITPOINT WARNING * * *
You feel very sick. McCoppin's ghost hits you.
* * * LOW HITPOINT WARNING * * *
You closely miss McCoppin's ghost.
McCoppin's ghost is severely damaged.
* * * LOW HITPOINT WARNING * * *
You feel very sick. McCoppin's ghost hits you.
You die...

#.....#.....#
#.....#.....#
#.....#.....'
#.....#.....#
##....'.....#
##....#.....## .
#.....#......#..#
..#.....#......#...
...'.....W@.....'...
..#.....#......#.? .
#.....#......#
#.....#......# #
###########'####.##
### #....#........#
#....'........'
#...)#........#
#....##'♣♣♣♣P##


You could see McCoppin's ghost.

Vanquished Creatures
  A sky beast (D:5)
  An ogre (D:5)
  2 centaurs (D:5)
  3 scorpions
  A crimson imp (D:5)
  A hound (D:4)
  2 worker ants (D:5)
  An iguana (D:5)
  A worker ant zombie (D:5)
  3 adders
  4 gnolls (D:5)
  A shadow imp (D:5)
  An adder zombie (D:5)
  A giant gecko (D:5)
  4 orcs (D:5)
  3 bats (D:5)
  A giant cockroach (D:4)
  4 goblins
  A hobgoblin (D:4)
  A kobold (D:4)
  A quokka (D:5)
  A giant gecko skeleton (D:4)
  A giant newt (D:5)
  3 rats
  4 plants
47 creatures vanquished.

Notes
Turn   | Place    | Note
--------------------------------------------------------------
     0 | D:1      | McCoppin, the Formicid Assassin, began the quest for the Orb.
     0 | D:1      | Reached XP level 1. HP: 16/16 MP: 1/1
     3 | D:1      | You fall through a shaft!
     6 | D:2      | You fall through a shaft!
   191 | D:4      | Reached skill level 5 in Stealth
   191 | D:4      | Reached XP level 2. HP: 22/22 MP: 3/3
   281 | D:4      | Noticed a hound
   303 | D:4      | Killed a hound
   303 | D:4      | Reached skill level 6 in Stealth
   303 | D:4      | Reached XP level 3. HP: 15/27 MP: 4/4
   478 | D:4      | Noticed a scorpion
   492 | D:4      | Killed a scorpion
   492 | D:4      | Reached skill level 7 in Stealth
   492 | D:4      | Reached XP level 4. HP: 33/33 MP: 5/5
   593 | D:4      | Reached XP level 5. HP: 33/38 MP: 7/7
   701 | D:4      | Found an ancient bone altar of Kikubaaqudgha.
   701 | D:4      | Found a blossoming altar of Fedhas.
   702 | D:4      | Found a glowing silver altar of Zin.
  1046 | D:4      | Got an iridescent spear
  1047 | D:4      | Identified the +5 spear of the Shining Light {pierce, Dex+3} (You found it on level 4 of the Dungeon)
  1184 | D:4      | Noticed a phantom
  1333 | D:5      | Entered Level 5 of the Dungeon
  1404 | D:5      | Reached skill level 8 in Stealth
  1588 | D:5      | Noticed a centaur
  1626 | D:5      | Killed a centaur
  1626 | D:5      | Reached skill level 9 in Stealth
  1626 | D:5      | Reached XP level 6. HP: 8/44 MP: 8/8
  2071 | D:5      | Reached skill level 10 in Stealth
  2071 | D:5      | Reached XP level 7. HP: 50/50 MP: 9/9
  2294 | D:5      | Noticed a sky beast
  2319 | D:5      | Killed a sky beast
  2448 | D:5      | Noticed a centaur
  2457 | D:5      | Killed a centaur
  2457 | D:5      | Reached skill level 11 in Stealth
  2684 | D:5      | Reached XP level 8. HP: 47/56 MP: 11/11
  2739 | D:5      | Noticed McCoppin's ghost (experienced FoAs)
  2789 | D:5      | HP: 2/56 [poisoned by McCoppin's ghost]
  2789 | D:5      | Slain by McCoppin's ghost

Action                   |  1- 3 |  4- 6 |  7- 9 || total
-------------------------+-------+-------+-------++-------
Melee: Dagger            |    18 |   270 |       ||   288
       Spear             |       |    13 |    68 ||    81
 Fire: Blowgun           |     8 |    31 |    16 ||    55
 Abil: Dig               |     3 |     2 |     2 ||     7
       Shaft Self        |     2 |       |       ||     2
  Use: Scroll            |       |     3 |       ||     3
       Potion            |       |       |     4 ||     4
 Stab: Sleeping          |     2 |     5 |     4 ||    11
       Distracted        |       |       |     2 ||     2
  Eat: Chunk             |     1 |     1 |     2 ||     4
       Bread ration      |       |     1 |       ||     1
